Map: 어스름 탑

Players

SortOf

  • Race: Zerg Zerg
  • League: Grandmaster

MyuNgSiK - Winner!

  • Race: Protoss Protoss

Event: Gauntlet LotV Series 1 Qualifier 2

VOD

Have the link to the VOD?

Description

Time

  • Played on: Dec. 5, 2015, 2:26 p.m.
  • Length: 6:36

All games in this series

Show
View Real Time Build Order
Export as new Build Order

SortOf Zerg 

Build Orders: 3 Hatch before Pool 

Get SALT Encoding   

  12  0:00  Drone  
  13  0:14  Overlord  
  13  0:18  Drone  
  14  0:32  Drone x2  
  16  0:36  Drone  
  17  0:46  Drone  
  18  0:56  Hatchery  
  17  0:59  Drone  
  18  1:13  Drone  
  19  1:30  Hatchery  
  18  1:36  Spawning Pool  
  18  1:38  Drone  
  18  1:52  Overlord  
  18  2:07  Extractor  
  17  2:22  Zergling x10  
  22  2:23  Queen  
  22  2:26  Spine Crawler  
  22  2:29  Zergling x2  
  22  2:39  Queen  
  26  2:44  Zergling x4  
  23  2:58  Queen  
  23  3:04  Drone  
  23  3:09  Drone  
  24  3:13  Drone  
  25  3:26  Zergling x2  
  25  3:27  Zergling x4  
  28  3:36  Zergling x4  
  28  3:40  Drone  
  31  3:43  Drone  
  31  3:46  Drone  
  33  3:53  Metabolic Boost  
  33  4:05  Zergling x4  
  33  4:06  Zergling x4  
  32  4:15  Zergling x6  
  33  4:34  Drone x5  
  32  4:43  Drone x3  
  34  4:46  Zergling x4  
  36  4:59  Overlord x2  
  36  5:05  Roach Warren  
  35  5:08  Zergling x2  
  36  5:19  Zergling x10  
  40  5:29  Zergling x2  
  40  5:30  Zergling x4  
  40  5:39  Zergling x4  
  38  5:52  Zergling x8  
  37  5:58  Zergling x2  
  37  6:03  Zergling x4  
  34  6:14  Spore Crawler  
Show
View Real Time Build Order
Export as new Build Order

MyuNgSiK Protoss - Winner!

Build Orders:  

Get SALT Encoding   

  12  0:01  Probe (Chrono Boost)  
  13  0:11  Probe (Chrono Boost)  
  14  0:22  Probe (Chrono Boost)  
  15  0:35  Pylon  
  15  0:54  Probe (Chrono Boost), Gateway  
  15  0:56  Gateway  
  16  1:02  Gateway  
  16  1:05  Probe (Chrono Boost)  
  17  1:15  Probe (Chrono Boost)  
  18  1:39  Pylon  
  17  1:41  Assimilator  
  17  1:42  Zealot  
  17  1:44  Zealot  
  21  1:49  Zealot  
  23  1:57  Probe (Chrono Boost)  
  23  1:59  Cybernetics Core  
  24  2:08  Probe (Chrono Boost)  
  25  2:12  Zealot  
  25  2:14  Zealot  
  29  2:19  Probe (Chrono Boost)  
  30  2:27  Pylon  
  31  2:30  Probe (Chrono Boost)  
  31  2:47  Adept x2  
  31  2:49  Adept  
  37  2:54  Probe (Chrono Boost)  
  31  3:09  Probe (Chrono Boost)  
  28  3:13  Warp Gate (Chrono Boost)  
  28  3:21  Adept x3  
  34  3:41  Nexus  
  34  3:45  Probe  
  35  3:50  Assimilator  
  35  3:57  Probe  
  34  4:13  Adept x2  
  34  4:14  Probe  
  39  4:18  Pylon  
  39  4:37  Probe  
  38  4:43  Stargate  
  36  4:49  Probe (Chrono Boost)  
  35  4:58  Probe (Chrono Boost)  
  36  5:00  Probe (Chrono Boost)  
  36  5:04  Adept x3  
  43  5:08  Probe (Chrono Boost)  
  43  5:11  Probe (Chrono Boost)  
  45  5:19  Probe (Chrono Boost)  
  47  5:21  Probe (Chrono Boost)  
  47  5:30  Probe (Chrono Boost)  
  47  5:32  Probe (Chrono Boost)  
  47  5:33  Adept x3  
  55  5:38  Oracle (Chrono Boost)  
  58  5:43  Probe  
  58  5:45  Probe  
  60  5:54  Probe  
  60  5:57  Probe  
  60  6:03  Adept x2  
  62  6:10  Assimilator  
  62  6:11  Assimilator  
  62  6:12  Pylon  
  62  6:14  Probe, Pylon  
  61  6:26  Pylon  
Tags
 
Add a new tag
Caveats
  • Supply blocks, unpowered buildings, or Contaminate may cause inaccurate times.
  • Supply counts are checked every 10 seconds.